Cogmind - Beta 14 @@@ ROGUE MODE // 2025.01.04 @ 22:46:30 Player: Niko Result: Destroyed by Y-64 Sentinel with KE Penetrator Performance ------------- Evolutions (3) 1500 Regions Visited (5) 1000 Robots Destroyed (61) 305 Value Destroyed (1985) 1985 Prototype IDs (3) 60 Alien Tech Used (0) 0 Bonus (11) 11 TOTAL SCORE: 4861 Bonus ------- High Alert Combat Kills 11 Cogmind --------- Core Integrity 0/700 Matter 300/300 Energy 98/100 System Corruption 2% Temperature Cool (9) Movement Core (50) Location -7/Lower Caves Parts ------- > --- POWER (1) -------- (None) > --- PROPULSION (4) --- (None) > --- UTILITY (5) ------ System Shield > --- WEAPON (3) ------- (None) > --- INVENTORY (5) ---- Light Nuclear Core Peak State ------------ > --- POWER ------------ Improved Deuterium Engine > --- PROPULSION ------- Aluminum Leg Aluminum Leg Carbon-fiber Leg Titanium Leg > --- UTILITY ---------- Improved Heat Sink Improved Medium Armor Plating Improved Shield Generator System Shield System Shield > --- WEAPON ----------- Gauss Rifle Great Maul Great Maul > --- INVENTORY -------- Micro Nuclear Core Armored Treads Gravmag System [Rating: 40] Favorites ----------- Power Nuclear Core Engine Ion Engine Power Core Nuclear Core Propulsion Light Treads Treads Light Treads Leg Aluminum Leg Hover Unit Gravmag System Flight Unit VTOL Module Utility System Shield Device Improved Shield Generator Storage Huge Storage Unit Hackware System Shield Protection Core Shielding Weapon Light Assault Rifle Energy Gun Pulse Rifle Ballistic Gun Light Assault Rifle Launcher Shock Bomb Launcher Impact Weapon Great Maul Special Melee Weapon Datajack Build | -11 -10 -9 -8 -7 -7 ------- Run | Yrd Mat Mat Mat Fac Low Slots Evolved 6 | . . 2 2 2 . Power . | . . . . . . Propulsion 2 | . . . 1 1 . Utility 3 | . . 1 1 1 . Weapon 1 | . . 1 . . . Parts Attached 56 | 6 2 7 31 6 4 Power 9 | 1 . 2 4 1 1 Engine 2 | 1 . . . 1 . Core 7 | . . 2 4 . 1 Reactor . | . . . . . . Propulsion 18 | 2 . 1 12 1 2 Treads 6 | 2 . 1 2 . 1 Leg 4 | . . . 3 1 . Wheel . | . . . . . . Hover 1 | . . . . . 1 Flight 7 | . . . 7 . . Utility 16 | 1 2 2 7 3 1 Device 4 | . . . 1 2 1 Storage 2 | 1 1 . . . . Processor . | . . . . . . Hackware 4 | . . . 4 . . Protection 6 | . 1 2 2 1 . Artifact . | . . . . . . Weapon 13 | 2 . 2 8 1 . Energy Gun 2 | . . . 2 . . Energy Cannon . | . . . . . . Ballistic Gun 3 | 2 . . . 1 . Ballistic Cannon . | . . . . . . Launcher 4 | . . 2 2 . . Special Weapon . | . . . . . . Impact Weapon 3 | . . . 3 . . Slashing Weapon . | . . . . . . Piercing Weapon . | . . . . . . Special Melee Weapon 1 | . . . 1 . . Unidentified Prototypes 1 | . . . 1 . . Parts Lost 27 | . . 4 15 1 7 Power 4 | . . 1 2 . 1 Propulsion 10 | . . 1 6 . 3 Utility 8 | . . 1 3 1 3 Weapon 5 | . . 1 4 . . Highest Loss Streak 7 | . . 2 7 1 7 To Critical Strikes . | . . . . . . Average Slot Usage (%) 91 | . 94 98 83 92 90 Engine 3 | . 14 . . 4 6 Core 6 | . . 9 8 2 . Treads 11 | . 28 22 5 . . Leg 11 | . . . 11 30 26 Flight 2 | . . . 8 . . Device 2 | . . . 1 7 11 Storage 5 | . 14 11 2 . . Hackware 8 | . . . 15 15 14 Protection 12 | . 8 22 9 7 6 Energy Gun 1 | . . . 5 . . Ballistic Gun 12 | . 28 22 3 1 6 Launcher 5 | . . 10 5 5 . Impact Weapon 5 | . . . 7 15 14 Peak Build Rating 40 | 6 7 16 33 39 40 Average Rating 20 | 5 6 15 25 37 35 On Entrance 15 | . 6 7 13 32 37 Naked Turns . | . . . . . . Heaviest Build 99 | 12 90 99 97 43 34 Greatest Support 60 | 40 40 40 60 52 52 Greatest Overweight (x) 29 | . 2 2 29 . 1 Average Overweight (x) . | . 1 2 . . . Largest Inventory Capacity 25 | 8 25 25 25 5 5 Average Capacity 13 | 7 24 25 9 5 5 Most Carried 18 | 5 7 18 15 5 4 Average Carried 6 | 1 4 15 5 4 3 Final Capacity 25 | 8 25 25 5 5 5 Final Carried 16 | 1 7 16 4 4 1 Class Distribution -------------------- 39% | Hacker-Mutant 28% | Tank 28% | Mutant Dominant Class ---------------- Mutant | -10/Materials Tank | -9/Materials Hacker-Mutant | -8/Materials Hacker-Mutant | -7/Factory Hacker-Mutant | -7/Lower Caves Resources | -11 -10 -9 -8 -7 -7 ----------- Run | Yrd Mat Mat Mat Fac Low Matter Collected 1008 | 189 127 168 346 99 79 Remotely . | . . . . . . Salvage Created 2576 | . 198 731 1183 192 272 Parts 119 | . 15 55 29 7 13 Haulers Intercepted 5 | . . 2 3 . . Recyclers Shooed 2 | . 1 1 . . . Parts Field Recycled . | . . . . . . Retrieved Matter . | . . . . . . Parts Self-Destructed 9 | . . . . . 9 Prevented 3 | . . . . . 3 Kills | -11 -10 -9 -8 -7 -7 ------- Run | Yrd Mat Mat Mat Fac Low Combat Hostiles Destroyed 45 | . 4 12 21 2 6 Melee 9 | . . . 7 1 1 Guns 13 | . 4 6 . . 3 AOE 9 | . . 6 3 . . Classes Destroyed 12 | . 3 6 2 1 . Builder 3 | . . 2 1 . . Hauler 5 | . . 2 3 . . Recycler 2 | . 1 . . 1 . Operator 3 | . . 1 2 . . Drone 1 | . . . 1 . . Watcher 4 | . . 3 1 . . Swarmer 6 | . 2 3 . . 1 Grunt 25 | . 2 6 12 . 5 Duelist 2 | . . 1 1 . . Sentry 8 | . . 2 5 1 . Hunter 2 | . . . 2 . . Programmer 1 | . . . . 1 . Best Kill Streak 10 | . 2 6 10 2 4 Combat Bots Only 9 | . 2 3 9 1 4 Max Kills in Single Turn 2 | . 2 2 2 1 1 Gunslinging 1 | . 1 . . . . Exploded 1 | . . 1 1 . . Melee 1 | . . . 1 1 1 Uniques/NPCs Destroyed . | . . . . . . Combat | -11 -10 -9 -8 -7 -7 -------- Run | Yrd Mat Mat Mat Fac Low Hostile Shots Fired 449 | . 13 57 169 60 150 Missed 157 | . 4 16 49 36 52 Damage Taken 4592 | . 87 751 1888 207 1659 Core 1093 | . 26 39 311 22 695 Absorbed by Shields 276 | . . . . 84 192 Redirected to Shielding 57 | . . 8 49 . . Regen/Repaired (Parts) 199 | . . . 199 . . Core Remaining (%) 80 | 100 89 90 43 . . Volleys Fired 92 | . 18 42 18 5 9 Largest 3 | . 2 3 3 1 1 Hottest 99 | . 40 76 99 36 28 Shots Fired 190 | . 36 101 39 5 9 Gun 159 | . 36 84 30 . 9 Cannon . | . . . . . . Launcher 31 | . . 17 9 5 . Special . | . . . . . . Kinetic 157 | . 36 84 28 . 9 Thermal 2 | . . . 2 . . Explosive . | . . . . . . Electromagnetic 31 | . . 17 9 5 . Robot Hit Streak 11 | . 10 11 10 1 8 Robot Miss Streak 5 | . 2 5 5 3 2 Penetration Max . | . . . . . . Secondary Targets 1 | . 1 . . . . Max Gunslinging Chain 1 | . 1 . . . . Shots Hit Robots 167 | . 25 52 72 5 13 Core Hits 80 | . 11 36 22 4 7 Critical Kills 2 | . . . 1 1 . Critical Parts Destroyed 10 | . . 1 8 1 . Critical Strikes 12 | . . 1 9 2 . Destroy 1 | . . 1 . . . Smash 11 | . . . 9 2 . Melee Attacks 65 | . . . 53 4 8 Impact 62 | . . . 50 4 8 Slashing . | . . . . . . Piercing . | . . . . . . Sneak Attacks 5 | . . . 4 1 . Combat Hostiles 1 | . . . . 1 . Follow-up Attacks 1 | . . . . . 1 Damage Inflicted 4270 | . 219 991 2428 235 397 Guns 909 | . 219 362 192 . 136 Cannons . | . . . . . . Explosions 1023 | . . 627 346 50 . Melee 2336 | . . . 1890 185 261 Ramming 2 | . . 2 . . . Kinetic 877 | . 219 362 160 . 136 Thermal 72 | . . 40 32 . . Explosive . | . . . . . . Electromagnetic 983 | . . 587 346 50 . Impact 2336 | . . . 1890 185 261 Slashing . | . . . . . . Piercing . | . . . . . . Highest Corruption 2 | . . 2 . 2 2 Average Corruption 1 | . . 1 . 1 2 Corruption Purged . | . . . . . . Corruption Blocked . | . . . . . . Effects 8 | . . 2 . 2 4 Message Errors 4 | . . 1 . . 3 Matter Fused 1 | . . . . 1 . Parts Rejected 1 | . . 1 . . . Data Loss (minor) 1 | . . . . 1 . Alerts 1 | . . . . . 1 Overload Shots . | . . . . . . Overflow Damage 735 | . . 20 658 33 24 Projectiles . | . . . . . . Explosions 26 | . . 20 1 5 . Melee 709 | . . . 657 28 24 Knockbacks 13 | . . . 10 . 3 Impact 13 | . . . 10 . 3 Kinetic . | . . . . . . Secondary . | . . . . . . Self-Inflicted Damage 237 | . . 138 59 40 . Shots 15 | . . 8 5 2 . Rammed 3 | . 1 2 . . . Targets Rammed 3 | . 1 2 . . . Kicked . | . . . . . . Crushed . | . . . . . . Highest Temperature 112 | . 25 105 112 5 35 Average Temperature 29 | . 9 32 41 2 18 Received Heat Transfer 1293 | . 36 171 513 36 537 Siege Activations . | . . . . . . Robots Corrupted 17 | . . . 14 1 2 Combat Hostiles 14 | . . . 11 1 2 Parts Fried 21 | . . 2 17 . 2 Impact Corruptions 28 | . . . 25 1 2 Robots Melted . | . . . . . . Combat Hostiles . | . . . . . . Parts Melted . | . . . . . . Heat Transferred 124 | . . 50 74 . . Parts Sabotaged . | . . . . . . Parts Stolen . | . . . . . . Parts Stripped . | . . . . . . Power Chain Reactions 3 | . . 2 1 . . Alert | -11 -10 -9 -8 -7 -7 ------- Run | Yrd Mat Mat Mat Fac Low Peak Influence 416 | . 125 146 416 221 . Initial 141 | . . . 61 141 . Average 98 | . 56 69 171 131 . Maximum Alert Level 2 | . . . 2 1 . Low Security (%) 91 | 100 100 100 73 97 . Level 1 7 | . . . 22 2 . Level 2 1 | . . . 4 . . Level 3 . | . . . . . . Level 4 . | . . . . . . Level 5 . | . . . . . . High Security . | . . . . . . Max Security . | . . . . . . Squads Dispatched 11 | . 1 2 5 3 . Investigation 2 | . . . 2 . . Extermination . | . . . . . . Reinforcement 6 | . 1 2 3 . . Assault . | . . . . . . Garrison 3 | . . . . 3 . Intercept . | . . . . . . Searches Triggered . | . . . . . . Construction Impeded . | . . . . . . Haulers Reinforced . | . . . . . . Active Scanning Responses . | . . . . . . Cargo Convoy Interrupts . | . . . . . . Stealth | -11 -10 -9 -8 -7 -7 --------- Run | Yrd Mat Mat Mat Fac Low Distress Signals 4 | . 1 1 2 . . Communications Jammed . | . . . . . . Distress Signals . | . . . . . . Times Spotted 81 | . 6 18 37 7 13 Peak Tracking Total 10 | . 3 5 10 2 10 Tactical Retreats 10 | . 1 . 6 1 2 Traps | -11 -10 -9 -8 -7 -7 ------- Run | Yrd Mat Mat Mat Fac Low Traps Triggered 1 | . . . 1 . . Indirectly . | . . . . . . Trap Hack Attempts . | . . . . . . Triggered . | . . . . . . Disarmed . | . . . . . . Reprogrammed 2 | . . . 2 . . Reused 2 | . . . 2 . . Traps Extracted . | . . . . . . Installed . | . . . . . . Triggered 2 | . . . 2 . . Machines | -11 -10 -9 -8 -7 -7 ---------- Run | Yrd Mat Mat Mat Fac Low Machines Disabled 3 | . . 1 . 2 . Max in Single Turn 1 | . . 1 . 1 . Machines Repaired . | . . . . . . Machines Dismantled . | . . . . . . Machines Sabotaged . | . . . . . . Overloaded Fab Kills . | . . . . . . Hacking | -11 -10 -9 -8 -7 -7 --------- Run | Yrd Mat Mat Mat Fac Low Machines Accessed 13 | . 1 . 9 3 . Terminals 10 | . 1 . 8 1 . Fabricators 1 | . . . . 1 . Repair Stations 1 | . . . 1 . . Recycling Units . | . . . . . . Scanalyzers . | . . . . . . Garrison Access 1 | . . . . 1 . Total Hacks 68 | . 2 . 59 7 . Successful 30 | . . . 27 3 . Failed 38 | . 2 . 32 4 . Catastrophic 8 | . . . 6 2 . Database Lockouts . | . . . . . . Manual 18 | . 2 . 16 . . Terminals 60 | . 2 . 55 3 . Fabricators 3 | . . . . 3 . Repair Stations 4 | . . . 4 . . Recycling Units . | . . . . . . Scanalyzers . | . . . . . . Garrison Access 1 | . . . . 1 . Terminal Hacks 20 | . . . 18 2 . Record 1 | . . . 1 . . Prototype ID Bank 1 | . . . 1 . . Branch Access Points 1 | . . . 1 . . Emergency Access Points 2 | . . . 2 . . Alert Level 3 | . . . 2 1 . Unreport Threat 1 | . . . 1 . . Locate Traps 2 | . . . 1 1 . Reprogram Traps 1 | . . . 1 . . Dispatch Records 1 | . . . 1 . . Security Status 2 | . . . 2 . . Patrol Status 1 | . . . 1 . . Investigation Status 1 | . . . 1 . . Garrison Status 1 | . . . 1 . . Zone Layout 2 | . . . 2 . . Fabricator Hacks 1 | . . . . 1 . Network Status 1 | . . . . 1 . Repair Station Hacks 4 | . . . 4 . . Scan Component 2 | . . . 2 . . Repair 2 | . . . 2 . . Recycling Unit Hacks . | . . . . . . Scanalyzer . | . . . . . . Garrison Access Hacks . | . . . . . . Unauthorized Hacks 5 | . . . 5 . . Terminals 5 | . . . 5 . . Botnet 4 | . . . 4 . . Operators 1 | . . . 1 . . Fabricators . | . . . . . . Repair Stations . | . . . . . . Recycling Units . | . . . . . . Scanalyzers . | . . . . . . Garrison Access . | . . . . . . Data Cores Recovered 1 | . . . 1 . . Used 1 | . . . 1 . . Hacking Detections 10 | . 1 . 6 3 . Full Trace Events 2 | . 1 . 1 . . Feedback Events . | . . . . . . Feedback Blocked . | . . . . . . Robot Schematics Acquired . | . . . . . . Robots Built . | . . . . . . Authchips . | . . . . . . Time . | . . . . . . Total Robot Build Rating . | . . . . . . Part Schematics Acquired . | . . . . . . Parts Built . | . . . . . . Authchips . | . . . . . . Time . | . . . . . . Total Part Build Rating . | . . . . . . Parts Repaired 2 | . . . 2 . . Time 76 | . . . 76 . . Parts Recycled . | . . . . . . Recycled Matter . | . . . . . . Retrieved Matter . | . . . . . . Retrieved Components . | . . . . . . Parts Scanalyzed . | . . . . . . Part Schematics Acquired . | . . . . . . Parts Damaged . | . . . . . . Bothacking | -11 -10 -9 -8 -7 -7 ------------ Run | Yrd Mat Mat Mat Fac Low Used RIF Installer . | . . . . . . Robots Hacked 1 | . . . 1 . . Non-combat . | . . . . . . Combat 1 | . . . 1 . . Robot Hacks Applied 1 | . . . 1 . . parse_system 1 | . . . 1 . . Relay Couplers Released . | . . . . . . Fabnet Peak Effective % . | . . . . . . Robots Rewired . | . . . . . . Allies Hacked . | . . . . . . Hacks Repelled . | . . . . . . Allies | -11 -10 -9 -8 -7 -7 -------- Run | Yrd Mat Mat Mat Fac Low Total Allies . | . . . . . . Largest Group . | . . . . . . Highest-Rated Group . | . . . . . . Highest-Rated Ally . | . . . . . . Total Orders . | . . . . . . Ally Attacks . | . . . . . . Total Damage . | . . . . . . Kills . | . . . . . . Allies Corrupted . | . . . . . . Allies Melted . | . . . . . . Intel | -11 -10 -9 -8 -7 -7 ------- Run | Yrd Mat Mat Mat Fac Low Robot Analysis Total . | . . . . . . Derelict Logs Recovered . | . . . . . . Drone Launches . | . . . . . . Drone Recoveries . | . . . . . . Exploration | -11 -10 -9 -8 -7 -7 ------------- Run | Yrd Mat Mat Mat Fac Low Turns Passed 4616 | 612 514 1177 1310 651 352 Spaces Moved 1992 | 83 149 240 772 486 262 Core 49 | 22 . . 14 . 13 Treads 539 | 61 149 240 89 . . Legs 1037 | . . . 317 486 234 Wheels . | . . . . . . Hover 15 | . . . . . 15 Flight 352 | . . . 352 . . Fastest Speed 29 | 50 160 320 29 122 50 Average Speed 157 | 130 306 320 117 122 116 Slowest Speed 1500 | 160 320 320 1500 122 125 Overloaded Moves . | . . . . . . Propulsion Burnouts . | . . . . . . Robots Hopped 1 | . . . 1 . . Cave-ins Triggered . | . . . . . . Exploration Rate (%) 27 | 11 25 23 52 13 39 Regions Visited 5 Branch Regions 1 Pre-discovered Areas . | . . . . . . Known Exits Taken . | . . . . . . Unknown Exits Taken 5 | 1 1 1 1 1 . Scrap Searched 1 | . . . . . 1 Spaces Dug . | . . . . . . Terrain Destroyed 11 | . . 7 2 . 2 Melee . | . . . . . . Projectile 2 | . . . . . 2 AOE 9 | . . 7 2 . . Terrain Rammed . | . . . . . . Walls Destroyed . | . . . . . . Machines Disabled . | . . . . . . Actions | -11 -10 -9 -8 -7 -7 --------- Run | Yrd Mat Mat Mat Fac Low Total 3216 | 586 178 576 1054 533 289 Wait 918 | 492 . 265 139 22 . Move 1985 | 82 148 239 769 485 262 Hop 1 | . . . 1 . . Pick Up 60 | 6 8 18 21 6 1 Fast Attach 8 | 1 . . 6 1 . Attach 46 | 5 2 7 24 4 4 Detach 1 | . . . 1 . . Swap 2 | . . . 1 1 . Drop 36 | . 1 3 21 5 6 Fire 92 | . 18 42 18 5 9 Melee 64 | . . . 53 4 7 Ram . | . . . . . . Kick . | . . . . . . Crush 3 | . 1 2 . . . Escape Stasis . | . . . . . . Rewire . | . . . . . . Trap . | . . . . . . Miscellaneous . | . . . . . . Route ------- -11/Scrapyard -10/Materials -9/Materials -8/Materials -7/Factory (discovered 2 exits: [*Sto] / [*Low]) -7/Lower Caves History --------- Turn | Location | Event 6 | -11/Scrapyard | Discovered new exit (range 14) 613 | -11/Scrapyard | Entered Materials 614 | -10/Materials | Build established: Mutant 998 | -10/Materials | Discovered new exit (range 16) 1127 | -10/Materials | Entered another Materials area 1127 | -9/Materials | Evolved 2 slots: Utility x1, Weapon x1 1506 | -9/Materials | Build established: Tank 2068 | -9/Materials | Discovered new exit (range 5) 2304 | -9/Materials | Entered another Materials area 2304 | -8/Materials | Evolved 2 slots: Propulsion x1, Utility x1 2563 | -8/Materials | Lost 3 parts (1n2w) 2656 | -8/Materials | Lost 7 parts (2p2n1u2w) 2823 | -8/Materials | Core integrity fell below 50% 2853 | -8/Materials | Lost 5 parts (3n2u) 3105 | -8/Materials | Repaired Nuclear Core 3127 | -8/Materials | Build established: Hacker-Mutant 3145 | -8/Materials | Repaired Hvy. Armor Plating 3468 | -8/Materials | Destroyed 9 combat bots 3587 | -8/Materials | Discovered new exit (range 15) 3614 | -8/Materials | Entered Factory 3614 | -7/Factory | Evolved 2 slots: Propulsion x1, Utility x1 4253 | -7/Factory | Discovered new exit (range 8) 4257 | -7/Factory | Discovered new exit (range 15) 4265 | -7/Factory | Entered Lower Caves 4461 | -7/Lower Caves | Spotted B-75 Beast 4535 | -7/Lower Caves | Attracted the attention of an 0b10 outpost 4602 | -7/Lower Caves | Core integrity fell below 50% 4612 | -7/Lower Caves | Core integrity fell below 20% 4617 | -7/Lower Caves | Destroyed by Y-64 Sentinel with KE Penetrator Last Messages --------------- malfunctions. Destroyed Lgt. Nuclear Core. G-47 Trooper system corrupted by crushing effect. G-47 Trooper knocked back. Penetrated by Slug. Gravmag System destroyed. G-47 Trooper system terminally corrupted. Imp. Heat Sink fried. Slug penetrates Wall. Great Maul severed. Corrupted Particle Gun self-destruct mechanism malfunctions. Arm. Treads severed. Corrupted Lgt. Nuclear Core self-destruct mechanism malfunctions. Acquired 20 matter. System Shield destroyed. Penetrated by Slug. Mic. Nuclear Core destroyed. Map ----- +----------------------------------------------------+ | | | ?????????????????????????????????????????????????? | | ?????????????????????????????????????????????????? | | ?????????????????????????????????????????????????? | | ?????????????????????????????????????????????????? | | ?????????????????????????????????????????????????? | | ?????????????????????????????????????????????????? | | ?????????????????????????????????????????????????? | | ?????????????????????????????????????????????????? | | ?????????????????????????????????????????????????? | | ?????????????????????????????????????????????????? | | ?????????????????????????????????????????????????? | | ?????????????????????????????????????????????????? | | ?????????????????????????????????????????????????? | | ?????????????????????????????????????????????????? | | ?????????????????????????????????#???????????????? | | ???????????????????????????????? ##?? ???????????? | | ??????????????????????????????? ## ???????????? | | ???????????????????????##????? ????????????? | | ????????####??????????? X???? #?????????????? | | ??????### ##?????????? #??? #??????????????? | | ??????# #???###???? #?? #???????????????? | | ?????## ###??# #??## ??? #???????????????? | | ?????# ##???# #??# ##?# ##??????????????? | | ?????#[% #??## #?## ## #??????????????? | | ????## * #### ### @ #??????????????? | | ????# [## ### #??????????????? | | ????# =!/ #??# #??????????????? | | ????# *= %% ##??# #??????????????? | | ????###% % ##### ##?????????????? | | ??????## /=%[ gl ##????????????? | | ???????##% %g %gY ## #????????????? | | ????????## %##### BB #?# ##????????????? | | ?????????#% ##??## BB ### #####?????????????? | | ?????????# ##???# ##????????????????? | | ???????? ##????#% ### % #????????????????? | | ???????% ?????# #?## ##????????????????? | | ?????? ????# % ??### ##?????????????????? | | ????? ??? %#???# ##??????????????????? | | ????# %? % %## #???# #???????????????????? | | ???? %######% %#?####???# #???????????????????? | | ???## ?????# #????????## ##??????????????????? | | ????## ??????## ????????## ##?????????????????? | | ?????#????????##????##### #?????????????????? | | ???????????????????# #?????????????????? | | ???????????????????# ## #?????????????????? | | ???????????????????## ###?# %##????###?????????? | | ???????????????? ???#???### ##??## ##????????? | | ?????????????? ###### #??# #????????? | | ?????????????? %%%% #?## #????????? | +----------------------------------------------------+ Best States ------------- Heat Dissipation 48 Energy Generation 16 Energy Capacity 290 Matter Stores 300 Matter Capacity 300 Sight Range 16 Robot Scan Range 15 Terrain Scan Density 10 Armor Coverage 600 Core Shielding 20 Evasion (%) 64 Recoil Reduction 3 Defensive Hacking 30 Item Schematics ----------------- None Robot Schematics ------------------ None Fabricated ------------ Nothing Alien Tech Used ----------------- None Achievements -------------- None Challenges ------------ None Game ------ Seed PlasmaDroneCutter Manual? 0 Play Time 00:55:14 Cumulative 18.4 hours Start 2025.01.04 @ 17:08:16 End 2025.01.04 @ 22:46:30 Sessions 1 Manual Loads 0 Difficulty Rogue Special Mode None Game No. 34 Rogue 34 Adventurer 0 Explorer 0 Win Type - Total 0 Types 0/0/0/0/0/0/0/0/0 Lore% 13 Gallery% 22 Achievement% 22 Wizard Run 0 Options --------- Layout 1 ASCII 0 Keyboard 0 Movement Mouse Keybinds 0 Fullscreen 1 Font 24/Smallcaps Map View 50x35 Zoom Use 0% Tactical HUD 0 Map Filters NONE Filters NONE Steam 1 RUN: 97b347e7-911d-4c00-b686-7e44582efd9b